 Dungeon Crawl Stone Soup version 0.29.0-4-gdea44cf6ec (webtiles) character file.

Game seed: 5671725074030302495

553 qw the Chopper (level 7, -2/43 HPs)
             Began as a Gargoyle Fighter on Sept 10, 2022.
             Splashed by a jelly's acid (9 damage)
             ... on level 4 of the Dungeon.
             The game lasted 00:01:55 (3900 turns).

qw the Chopper (Gargoyle Fighter)                   Turns: 3900, Time: 00:01:55

Health: -2/43      AC:  0    Str: 21 (22) XL:     7   Next: 29%
Magic:  7/7        EV:  9    Int:  8      God:
Gold:   192        SH:  4    Dex: 11 (12) Spells: 6/6 levels left

rFire   . . .      SeeInvis .   Y - +0 war axe
rCold   . . .      Faith    .   c - +0 buckler
rNeg    + + +      Spirit   .   b - +0 scale mail
rPois   inf        Reflect  .   (no helmet)
rElec   +          Harm     .   (no cloak)
rCorr   .          Rampage  .   (no gloves)
Will    .....                   (no boots)
Stlth   ..........              (no amulet)
HPRegen 0.14/turn               a - ring of Oreing Suat {rPois rN++ Dex+3}
MPRegen 0.10/turn               (no ring)

@: corroded
A: sickness immunity, AC +4, negative energy resistance 1, electricity
resistance, torment resistance 1, petrification resistance
a: no special abilities


You were on level 4 of the Dungeon.
You visited 1 branch of the dungeon, and saw 4 of its levels.

You collected 210 gold pieces.
You spent 18 gold pieces at shops.


Innate Abilities, Weirdness & Mutations

You are immune to sickness and miasma.
Your stone body is resilient. (AC +4)
You are immune to poison.
You resist negative energy. (rN+)
You are resistant to electric shocks. (rElec)
You are resistant to unholy torment.
You are immune to petrification.


   Skills:
 - Level 4.0 Fighting
 + Level 6.6 Axes
 - Level 3.2 Armour
 - Level 1.1 Dodging
 - Level 3.2 Shields


You had 6 spell levels left.
You didn't know any spells.
Your spell library was empty.

Inventory:

Hand Weapons
 l - a +0 flail
 Y - a +0 war axe (weapon)
Armour
 b - a +0 scale mail (worn)
 c - a +0 buckler (worn)
Jewellery
 a - the ring of Oreing Suat (left hand) {rPois rN++ Dex+3}
   (You found it on level 2 of the Dungeon)

   [ring of poison resistance]

   Dex:       It affects your dexterity (+3).
   rPois:     It protects you from poison.
   rN:        It greatly protects you from negative energy.
Scrolls
 e - a scroll of amnesia {unknown}
 i - a scroll of identify
Potions
 d - 3 potions of might
 f - 2 potions of curing {unknown}
 g - a potion of resistance {unknown}
 k - 3 potions of attraction
 m - 2 potions of mutation {unknown}

Dungeon Overview and Level Annotations

Branches:
Dungeon (4/15)
 Temple: D:4-7

Altars:
Gozag

Shops:
D:1 *   D:3 :


Message History

The hound bites you but does no damage. The hound barely misses you.
You closely miss the hound. The hound bites you.
You miss the hound. The hound bites you but does no damage.
You block the hound's attack.
You hit the hound.
The hound is moderately wounded.
The hound closely misses you. The hound bites you but does no damage.
You hit the hound.
The hound is heavily wounded.
The hound bites you. You block the hound's attack.
You slash the hound!
You kill the hound!
You start resting.
HP restored.
A jelly comes into view.
Found a stone staircase leading down.
You hit the jelly. The acid corrodes you!
Your hands burn!
The jelly is moderately wounded.
The jelly barely misses you.
You hit the jelly.
Your hands burn!
The jelly is heavily wounded.
You block the jelly's attack.
You barely miss the jelly.
The jelly is heavily wounded.
The jelly hits you but does no damage. The jelly barely misses you.
You hit the jelly but do no damage.
Your hands burn!
The jelly is heavily wounded.
The jelly hits you but does no damage.
You hit the jelly but do no damage.
Your hands burn!
The jelly is heavily wounded.
The jelly jiggles.
The jelly hits you.
You are splashed with acid!
You hit the jelly. The acid corrodes you!
Your hands burn!
The jelly is almost dead.
The jelly hits you. The acid corrodes you!
You are splashed with acid!
You hit the jelly.
Your hands burn!
The jelly is almost dead.
The jelly hits you.
You are splashed with acid!
You die...

########## #.........
########## #.........
#........# #.........
#........# ##########
#........# #....J@..#
.........%##############
>.$.....................
.......................[
....####################
..## ########....... #
#..............
#..............
#..............


You could see a jelly.

Vanquished Creatures
  A water moccasin (D:4)
  A black bear (D:4)
  3 hounds (D:4)
  An iguana (D:4)
  Terence (D:3)
  4 gnolls (D:3)
  7 adders
  2 worms
  2 dart slugs
  5 orcs (D:3)
  8 ball pythons
  5 bats
  10 endoplasms
  2 giant cockroaches (D:2)
  9 goblins
  10 hobgoblins
  6 jackals
  5 kobolds
  3 quokkas
  A frilled lizard (D:3)
  7 rats
93 creatures vanquished.

Vanquished Creatures (others)
  22 plants (D:3)
22 creatures vanquished.

Grand Total: 115 creatures vanquished

Notes
Turn   | Place    | Note
-------+----------+-------------------------------------------
     0 | D:1      | qw the Gargoyle Fighter began the quest for the Orb.
     0 | D:1      | Reached XP level 1. HP: 14/14 MP: 1/1
     0 | D:1      | 0 ||| qw: Version: 0.1-a-113-g051387a
     0 | D:1      | 0 ||| qw: Game counter: 7376
     0 | D:1      | 0 ||| qw: Always use a shield: true
     0 | D:1      | 0 ||| qw: God list: Okawaru
     0 | D:1      | 0 ||| qw: Allow faded altars: false
     0 | D:1      | 0 ||| qw: Do Orc after D:15 true
     0 | D:1      | 0 ||| qw: Do second Lair branch before Depths: true
     0 | D:1      | 0 ||| qw: Lair rune preference: random
     0 | D:1      | 0 ||| qw: Plans: Normal, Zot, God:TSO, Crypt, Tomb, Zig,
                  | Orb
     0 | D:1      | 0 ||| PLANNING D:1-11
    30 | D:1      | 30 ||| Stepping ~*~*~tactically~*~*~ (stealth).
    35 | D:1      | Reached skill level 2 in Axes
    35 | D:1      | 35 ||| Stepping ~*~*~tactically~*~*~ (stealth).
    36 | D:1      | 36 ||| Stepping ~*~*~tactically~*~*~ (stealth).
    41 | D:1      | 41 ||| Stepping ~*~*~tactically~*~*~ (stealth).
    66 | D:1      | Reached XP level 2. HP: 19/19 MP: 2/2
    97 | D:1      | Found Acaots's Assorted Antiques.
   118 | D:1      | 118 ||| SHOPLISTING flail (73 gold, have 33).
   118 | D:1      | 118 ||| BUYING glowing blue potion (18 gold).
   118 | D:1      | Bought a glowing blue potion for 18 gold pieces
   118 | D:1      | 118 ||| SHOPLISTING lumpy silvery potion (18 gold, have
                  | 15).
   118 | D:1      | 118 ||| SHOPLISTING scroll labelled CESIUPS TORO (21 gold,
                  | have 15).
   118 | D:1      | 118 ||| SHOPLISTING scroll labelled GAPLIY MOESMIZ (21
                  | gold, have 15).
   118 | D:1      | 118 ||| SHOPLISTING scroll labelled JICOXE QOSE (21 gold,
                  | have 15).
   118 | D:1      | 118 ||| SHOPLISTING scroll labelled PIERHE IZODAO (21 gold,
                  | have 15).
   118 | D:1      | 118 ||| SHOPLISTING shimmering morningstar (189 gold, have
                  | 15).
   314 | D:1      | 314 ||| Stepping ~*~*~tactically~*~*~ (stealth).
   315 | D:1      | 315 ||| Stepping ~*~*~tactically~*~*~ (stealth).
   405 | D:1      | Reached skill level 3 in Axes
   513 | D:1      | Reached XP level 3. HP: 22/23 MP: 3/3
   768 | D:1      | 768 ||| READING scroll labelled GAPLIY MOESMIZ.
   769 | D:1      | 769 ||| READING scroll labelled VEUFRU SULEIW.
   770 | D:1      | 770 ||| READING 2 scrolls labelled MAKEG ETHA.
   771 | D:1      | 771 ||| READING scroll labelled CYISOAROITUR.
   772 | D:1      | 772 ||| DRINKING 2 amethyst potions.
   773 | D:1      | 773 ||| DRINKING 3 lumpy silvery potions.
   774 | D:1      | 774 ||| DROPPING scroll of magic mapping.
   805 | D:2      | 805 ||| STAIRDANCE
  1209 | D:2      | Identified the ring of Oreing Suat {rPois rN++ Dex+3}
  1212 | D:2      | 1212 ||| Stepping ~*~*~tactically~*~*~ (stealth).
  1214 | D:2      | 1214 ||| Stepping ~*~*~tactically~*~*~ (stealth).
  1237 | D:2      | Reached XP level 4. HP: 26/28 MP: 4/4
  1261 | D:2      | Reached skill level 4 in Axes
  1353 | D:2      | 1353 ||| Stepping ~*~*~tactically~*~*~ (stealth).
  1534 | D:2      | 1534 ||| UPGRADING to ring of Oreing Suat {rPois rN++
                  | Dex+3}.
  1555 | D:3      | 1555 ||| STAIRDANCE
  1561 | D:3      | 1561 ||| STAIRDANCE
  1688 | D:3      | Found a faded altar of an unknown god.
  1689 | D:3      | 1689 ||| Stepping ~*~*~tactically~*~*~ (stealth).
  1703 | D:3      | Reached skill level 1 in Dodging
  1872 | D:3      | Identified the +9 long sword "Zekydei" {protect, Dex+4}
  1874 | D:3      | 1874 ||| DROPPING +0 whip.
  1894 | D:3      | Reached XP level 5. HP: 32/32 MP: 5/5
  1956 | D:3      | Found Jefrext's Book Emporium.
  1960 | D:3      | 1960 ||| Stepping ~*~*~tactically~*~*~ (stealth).
  1973 | D:3      | 1973 ||| Stepping ~*~*~tactically~*~*~ (stealth).
  1982 | D:3      | 1982 ||| Stepping ~*~*~tactically~*~*~ (stealth).
  2010 | D:3      | HP: 5/32 [gnoll/+0 halberd (7)]
  2011 | D:3      | 2011 ||| DRINKING 2 potions of heal wounds.
  2014 | D:3      | 2014 ||| Stepping ~*~*~tactically~*~*~ (water).
  2018 | D:3      | HP: 7/32 [gnoll/+0 halberd (6)]
  2019 | D:3      | 2019 ||| DRINKING potion of heal wounds.
  2123 | D:3      | 2123 ||| Stepping ~*~*~tactically~*~*~ (water).
  2156 | D:3      | 2156 ||| Stepping ~*~*~tactically~*~*~ (stealth).
  2382 | D:3      | Noticed Terence
  2399 | D:3      | Killed Terence
  2400 | D:3      | Reached skill level 5 in Axes
  2792 | D:3      | 2792 ||| DROPPING orb of guile.
  2793 | D:3      | 2793 ||| READING scroll labelled VIOCUP PO ROI.
  2796 | D:3      | 2796 ||| DRINKING 2 white potions.
  2797 | D:3      | 2797 ||| DROPPING potion of degeneration.
  2873 | D:4      | Found an opulent altar of Gozag.
  2935 | D:4      | Reached XP level 6. HP: 32/38 MP: 6/6
  2994 | D:4      | Noticed a water moccasin
  3010 | D:4      | Killed a water moccasin
  3092 | D:4      | 3092 ||| Stepping ~*~*~tactically~*~*~ (stealth).
  3544 | D:4      | Reached skill level 6 in Axes
  3544 | D:4      | Noticed a black bear
  3555 | D:4      | Killed a black bear
  3556 | D:4      | Reached XP level 7. HP: 40/43 MP: 7/7
  3690 | D:4      | 3690 ||| Stepping ~*~*~tactically~*~*~ (hiding).
  3694 | D:4      | 3694 ||| Stepping ~*~*~tactically~*~*~ (hiding).
  3695 | D:4      | 3695 ||| Stepping ~*~*~tactically~*~*~ (hiding).
  3697 | D:4      | 3697 ||| Stepping ~*~*~tactically~*~*~ (hiding).
  3698 | D:4      | 3698 ||| Stepping ~*~*~tactically~*~*~ (stealth).
  3900 | D:4      | HP: 10/43 [acid (1)]
  3900 | D:4      | Splashed by a jelly's acid

Levels and vault maps discovered:
D:1:      mrwooster_arrival_arrow, layout_basic, serial_shops, shop_fountains
D:2:      layout_rooms, minmay_pentomino_q2
D:3:      layout_loops_ring, serial_shops,
          nicolae_shop_competitors_out_of_business, serial_bayou,
          serial_bayou_lagoon_b, serial_bayou_lagoon_a, serial_bayou_ford_a,
          serial_bayou_lake_a, nicolae_ecumenical_snake_handling,
          hangedman_abyss_or_decor_stabs, uniq_terence
D:4:      layout_basic, nicolae_gozag_seed_capital

Skill      XL: |  1  2  3  4  5  6 |
---------------+-------------------+-----
Axes           | 2 3 4 5 6 |  6.6
Dodging        | 1 |  1.1
Fighting       | 4 |  4.0
Armour         | |  3.2
Shields        | |  3.2

Action                   |  1- 3 |  4- 6 |  7- 9 || total
-------------------------+-------+-------+-------++-------
Melee: War axe           |   107 |   200 |    35 ||   342
  Use: Scroll            |     4 |     1 |       ||     5
       Potion            |     2 |     3 |       ||     5
Armor: Scale mail        |    71 |   106 |    14 ||   191
Dodge: Dodged            |    53 |    92 |    11 ||   156
Block: Buckler           |    21 |    38 |     9 ||    68

Table legend:
 A = Non-vault XP
 B = Vault XP
 C = Vault XP percentage of total XP
 D = Non-vault monster count
 E = Vault monster count
 F = Vault count percentage of total count
                 A         B        C        D         E       F
            +---------+---------+-------+---------+---------+-------
      Total |     727 |      64 |   8.1 |      89 |       4 |   4.3
            +---------+---------+-------+---------+---------+-------
        D:1 |      43 |       0 |   0.0 |      23 |       0 |   0.0
        D:2 |      68 |       0 |   0.0 |      19 |       0 |   0.0
        D:3 |     116 |      64 |  35.6 |      25 |       4 |  13.8
        D:4 |     500 |       0 |   0.0 |      22 |       0 |   0.0
            +---------+---------+-------+---------+---------+-------
